TOP OF THE 1ST |
Hillsboro Hops batting - Pitching for Brooklyn Cyclones : RHP Mike Richardson
|
Pitching: RHP Mike Richardson
|
|
Batting: RHB Dale Young
|
0-0: Ball 1-0: Foul Ball, location: 2F 1-1: Called Strike 1-2: Strikes out looking
|
Batting: RHB Paul Healy
|
0-0: Called Strike 0-1: Swinging Strike 0-2: Ball 1-2: Strikes out swinging
|
Batting: RHB Nikita Schram
|
0-0: Ball 1-0: Foul Ball, location: 2F 1-1: DOUBLE (Groundball, 5L, EV 102.5 MPH)
|
Batting: SHB Johnny Diaz
|
0-0: Swinging Strike 0-1: Ball 1-1: Ball 2-1: Foul Ball, location: 2F 2-2: Hit by Pitch
|
Batting: RHB Mike Swift
|
0-0: Called Strike 0-1: Fly out, F7 (Flyball, 7D, EV 88.1 MPH)
|
Top of the 1st over - 0 runs, 1 hit, 0 errors, 2 left on base; Hillsboro 0 - Brooklyn 0 |
BOTTOM OF THE 1ST |
Brooklyn Cyclones batting - Pitching for Hillsboro Hops : RHP Tadatoki Yoshida
|
Pitching: RHP Tadatoki Yoshida
|
|
Batting: LHB Matt Baker
|
0-0: Bunted foul 0-1: Ground out U3 (Groundball, 34, EV 79.4 MPH)
|
Batting: LHB Elmo Dreier
|
0-0: Ground out 3-1 (Groundball, 34S, EV 85.0 MPH)
|
Batting: RHB Sang-ton Pak
|
0-0: Called Strike 0-1: Fly out, F8 (Flyball, 8LD, EV 101.2 MPH)
|
Bottom of the 1st over - 0 runs, 0 hits, 0 errors, 0 left on base; Hillsboro 0 - Brooklyn 0 |
TOP OF THE 2ND |
Hillsboro Hops batting - Pitching for Brooklyn Cyclones : RHP Mike Richardson
|
Batting: LHB Ron Mills
|
0-0: Ball 1-0: Ball 2-0: Ball 3-0: Called Strike 3-1: Base on Balls
|
Batting: RHB Orlando Florez
|
0-0: Ground out 5-3 (Groundball, 56S, EV 60.6 MPH) Ron Mills to second
|
Batting: RHB Ryuki Ogasawara
|
0-0: Ball Wild Pitch! Ron Mills to third 1-0: Ball 2-0: Ground out 5-3 (Groundball, 56, EV 88.1 MPH) Ron Mills scores
|
Batting: RHB Trevor Corey
|
0-0: Foul Ball, location: 2F 0-1: Fly out, F7 (Flyball, 7, EV 82.5 MPH)
|
Top of the 2nd over - 1 run, 0 hits, 0 errors, 0 left on base; Hillsboro 1 - Brooklyn 0 |
BOTTOM OF THE 2ND |
Brooklyn Cyclones batting - Pitching for Hillsboro Hops : RHP Tadatoki Yoshida
|
Batting: RHB Bill Crogan
|
0-0: Called Strike 0-1: Foul Ball, location: 2F 0-2: Ball 1-2: Ground out U3 (Groundball, 34, EV 105.0 MPH)
|
Batting: RHB Prabhukumar Santhanakrishnan
|
0-0: Called Strike 0-1: Called Strike 0-2: Ball 1-2: Ground out U3 (Groundball, 3, EV 80.0 MPH)
|
Batting: RHB Rich Cracchiolo
|
0-0: Ground out 6-3 (Groundball, 6, EV 104.4 MPH)
|
Bottom of the 2nd over - 0 runs, 0 hits, 0 errors, 0 left on base; Hillsboro 1 - Brooklyn 0 |
TOP OF THE 3RD |
Hillsboro Hops batting - Pitching for Brooklyn Cyclones : RHP Mike Richardson
|
Batting: RHB Dale Young
|
0-0: Swinging Strike 0-1: Fly out, F9 (Line Drive, 89M, EV 85.6 MPH)
|
Batting: RHB Paul Healy
|
0-0: Called Strike 0-1: Foul Ball, location: 2F 0-2: Foul Ball, location: 2F 0-2: Hit by Pitch
|
Batting: RHB Nikita Schram
|
0-0: DOUBLE (Flyball, 89XD, EV 100.6 MPH) Paul Healy to third
|
Batting: SHB Johnny Diaz
|
0-0: Ball 1-0: 3-RUN HOME RUN (Flyball, 9D, EV 97.5 MPH), Distance : 383 ft
|
Batting: RHB Mike Swift
|
0-0: Ground out 4-3 (Groundball, 4M, EV 86.2 MPH)
|
Batting: LHB Ron Mills
|
0-0: Swinging Strike 0-1: Ball 1-1: Foul Ball, location: 2F 1-2: Ground out 4-3 (Groundball, 4, EV 110.0 MPH)
|
Top of the 3rd over - 3 runs, 2 hits, 0 errors, 0 left on base; Hillsboro 4 - Brooklyn 0 |
BOTTOM OF THE 3RD |
Brooklyn Cyclones batting - Pitching for Hillsboro Hops : RHP Tadatoki Yoshida
|
Batting: RHB Mike Mathews
|
0-0: SINGLE (Line Drive, 34D, EV 108.8 MPH)
|
Batting: RHB Victor Reyes
|
0-0: Fielders Choice at 2nd, U6 (Groundball, 4M, EV 87.5 MPH)
|
Batting: SHB Duri Chilemba
|
0-0: Fielders Choice at 2nd, 3-6 (Groundball, 3, EV 86.9 MPH)
|
Batting: LHB Matt Baker
|
0-0: Ball 1-0: Swinging Strike 1-1: SINGLE (Groundball, 34D, EV 106.2 MPH) (infield hit) Duri Chilemba to second
|
Batting: LHB Elmo Dreier
|
0-0: Ball 1-0: Foul Ball, location: 2F 1-1: Swinging Strike 1-2: Strikes out looking
|
Bottom of the 3rd over - 0 runs, 2 hits, 0 errors, 2 left on base; Hillsboro 4 - Brooklyn 0 |
TOP OF THE 4TH |
Hillsboro Hops batting - Pitching for Brooklyn Cyclones : RHP Mike Richardson
|
Batting: RHB Orlando Florez
|
0-0: Swinging Strike 0-1: Foul Ball, location: 2F 0-2: Foul Ball, location: 2F 0-2: Foul Ball, location: 2F 0-2: Foul Ball, location: 2F 0-2: Foul Ball, location: 2F 0-2: Foul Ball, location: 2F 0-2: Strikes out swinging
|
Batting: RHB Ryuki Ogasawara
|
0-0: Ball 1-0: Ball 2-0: Ground out 4-3 (Groundball, 4M, EV 88.8 MPH)
|
Batting: RHB Trevor Corey
|
0-0: Ball 1-0: Foul Ball, location: 2F 1-1: Ground out 4-3 (Groundball, 4, EV 100.6 MPH)
|
Top of the 4th over - 0 runs, 0 hits, 0 errors, 0 left on base; Hillsboro 4 - Brooklyn 0 |
BOTTOM OF THE 4TH |
Brooklyn Cyclones batting - Pitching for Hillsboro Hops : RHP Tadatoki Yoshida
|
Batting: RHB Sang-ton Pak
|
0-0: SINGLE (Groundball, 6MD, EV 96.9 MPH)
|
Batting: RHB Bill Crogan
|
0-0: Foul Ball, location: 2F 0-1: Fly out, F8 (Flyball, 8LD, EV 88.1 MPH)
|
Batting: RHB Prabhukumar Santhanakrishnan
|
0-0: Ball 1-0: Grounds into double play, 5-4-3 (Groundball, 5S, EV 84.4 MPH)
|
Bottom of the 4th over - 0 runs, 1 hit, 0 errors, 0 left on base; Hillsboro 4 - Brooklyn 0 |
TOP OF THE 5TH |
Hillsboro Hops batting - Pitching for Brooklyn Cyclones : RHP Mike Richardson
|
Batting: RHB Dale Young
|
0-0: Ball 1-0: Ball 2-0: SINGLE (Line Drive, 9LS, EV 108.8 MPH)
|
Batting: RHB Paul Healy
|
0-0: Called Strike 0-1: Foul Ball, location: 2F 0-2: Ball 1-2: Strikes out swinging
|
Batting: RHB Nikita Schram
|
0-0: Ball Dale Young steals 2nd base 1-0: Called Strike 1-1: Swinging Strike 1-2: Ball 2-2: DOUBLE (Line Drive, 8RXD, EV 110.6 MPH) Dale Young scores
|
Batting: SHB Johnny Diaz
|
0-0: Swinging Strike 0-1: SINGLE (Flyball, 89S, EV 84.4 MPH) Nikita Schram to third Runner from 3rd tries for Home, SAFE, throw by RF to home Johnny Diaz to second
|
Pitching: RHP Jason Jones
|
|
Batting: RHB Mike Swift
|
0-0: Swinging Strike 0-1: Foul Ball, location: 2F 0-2: Ball 1-2: Ball 2-2: Foul Ball, location: 2F 2-2: Ground out 5-3 (Groundball, 56, EV 104.4 MPH)
|
Batting: LHB Ron Mills
|
0-0: Foul Ball, location: 2F 0-1: Called Strike 0-2: Strikes out swinging
|
Top of the 5th over - 2 runs, 3 hits, 0 errors, 1 left on base; Hillsboro 6 - Brooklyn 0 |
BOTTOM OF THE 5TH |
Brooklyn Cyclones batting - Pitching for Hillsboro Hops : RHP Tadatoki Yoshida
|
Batting: RHB Rich Cracchiolo
|
0-0: Ball 1-0: Ball 2-0: Ball 3-0: Called Strike 3-1: Ground out 4-3 (Groundball, 4, EV 82.5 MPH)
|
Batting: RHB Mike Mathews
|
0-0: Swinging Strike 0-1: Ground out 4-3 (Groundball, 4, EV 106.9 MPH)
|
Batting: RHB Victor Reyes
|
0-0: Ground out 5-3 (Groundball, 56S, EV 78.8 MPH)
|
Bottom of the 5th over - 0 runs, 0 hits, 0 errors, 0 left on base; Hillsboro 6 - Brooklyn 0 |
TOP OF THE 6TH |
Hillsboro Hops batting - Pitching for Brooklyn Cyclones : RHP Jason Jones
|
Batting: RHB Orlando Florez
|
0-0: Ball 1-0: Foul Ball, location: 2F 1-1: Foul Ball, location: 2F 1-2: Strikes out looking
|
Batting: RHB Ryuki Ogasawara
|
0-0: Foul Ball, location: 2F 0-1: Ball 1-1: Ball 2-1: SINGLE (Groundball, 5S, EV 65.6 MPH) (infield hit)
|
Batting: RHB Trevor Corey
|
0-0: Ball 1-0: Ball 2-0: Grounds into double play, 6-4-3 (Groundball, 6, EV 79.4 MPH)
|
Top of the 6th over - 0 runs, 1 hit, 0 errors, 0 left on base; Hillsboro 6 - Brooklyn 0 |
BOTTOM OF THE 6TH |
Brooklyn Cyclones batting - Pitching for Hillsboro Hops : RHP Tadatoki Yoshida
|
Batting: SHB Duri Chilemba
|
0-0: Foul Ball, location: 2F 0-1: Swinging Strike 0-2: Foul Ball, location: 2F 0-2: Ball 1-2: SINGLE (Groundball, 34D, EV 99.4 MPH)
|
Batting: LHB Matt Baker
|
0-0: Swinging Strike 0-1: Swinging Strike 0-2: Strikes out swinging
|
Batting: LHB Elmo Dreier
|
0-0: Swinging Strike 0-1: Ball 1-1: Called Strike 1-2: Ball 2-2: Ball 3-2: Grounds into double play, U3-6 (Groundball, 3L, EV 79.4 MPH)
|
Bottom of the 6th over - 0 runs, 1 hit, 0 errors, 0 left on base; Hillsboro 6 - Brooklyn 0 |
TOP OF THE 7TH |
Hillsboro Hops batting - Pitching for Brooklyn Cyclones : RHP Jason Jones
|
Batting: RHB Dale Young
|
0-0: SOLO HOME RUN (Flyball, 7LD, EV 94.4 MPH), Distance : 338 ft
|
Pinch Hitting: LHB Jim Chalk
|
0-0: Called Strike 0-1: Ball 1-1: Ground out U3 (Groundball, 3, EV 108.1 MPH)
|
Pinch Hitting: SHB Ethan Newby
|
0-0: Called Strike 0-1: Ball 1-1: Ball 2-1: Called Strike 2-2: Ball 3-2: Foul Ball, location: 2F 3-2: Foul Ball, location: 2F 3-2: SINGLE (Groundball, 6MD, EV 106.9 MPH)
|
Batting: SHB Johnny Diaz
|
0-0: Called Strike 0-1: Foul Ball, location: 2F 0-2: Ball 1-2: Ball Balk! Ethan Newby to second 2-2: Foul Ball, location: 2F 2-2: Ball 3-2: Foul Ball, location: 2F 3-2: Foul Ball, location: 2F 3-2: Foul Ball, location: 2F 3-2: Base on Balls
|
Pitching: RHP Ari Kuusinen
|
|
Batting: RHB Mike Swift
|
0-0: SINGLE (Groundball, 56D, EV 107.5 MPH) Ethan Newby to third Johnny Diaz to second Runner from 3rd tries for Home, SAFE, throw by LF to home
|
Pinch Hitting: SHB Conor Davies
|
0-0: SINGLE (Groundball, 34D, EV 103.1 MPH) Johnny Diaz to third Mike Swift to second Runner from 3rd tries for Home, SAFE, throw by RF to home
|
Batting: RHB Orlando Florez
|
0-0: Ball 1-0: Foul Ball, location: 2F 1-1: Ball 2-1: Foul Ball, location: 2F 2-2: Fielders Choice at 2nd, 3-6 (Groundball, 13, EV 85.6 MPH) Mike Swift to third
|
Batting: RHB Ryuki Ogasawara
|
0-0: Ball 1-0: Fly out, F7 (Flyball, 7LM, EV 86.2 MPH)
|
Top of the 7th over - 3 runs, 4 hits, 0 errors, 2 left on base; Hillsboro 9 - Brooklyn 0 |
BOTTOM OF THE 7TH |
Brooklyn Cyclones batting - Pitching for Hillsboro Hops : RHP Tadatoki Yoshida
|
Now at 1B: Orlando Florez
|
|
Now at 3B: Diwan Abdul-Salam
|
|
Now in LF: Jim Chalk
|
|
Now in RF: Conor Davies
|
|
Batting: RHB Sang-ton Pak
|
0-0: Ball 1-0: Ball 2-0: Called Strike 2-1: Ground out 3-1 (Groundball, 13, EV 83.1 MPH)
|
Batting: RHB Bill Crogan
|
0-0: Ball 1-0: Foul Ball, location: 2F 1-1: Foul Ball, location: 2F 1-2: Ball 2-2: Foul Ball, location: 2F 2-2: Ground out 4-3 (Groundball, 4M, EV 78.8 MPH)
|
Batting: RHB Prabhukumar Santhanakrishnan
|
0-0: Ball 1-0: Called Strike 1-1: Foul Ball, location: 2F 1-2: Foul Ball, location: 2F 1-2: Foul Ball, location: 2F 1-2: Ground out 4-3 (Groundball, 4, EV 76.9 MPH)
|
Bottom of the 7th over - 0 runs, 0 hits, 0 errors, 0 left on base; Hillsboro 9 - Brooklyn 0 |
TOP OF THE 8TH |
Hillsboro Hops batting - Pitching for Brooklyn Cyclones : RHP Ari Kuusinen
|
Batting: RHB Trevor Corey
|
0-0: Ball 1-0: Foul Ball, location: 2F 1-1: Ball 2-1: Swinging Strike 2-2: Strikes out swinging
|
Batting: RHB Dale Young
|
0-0: Called Strike 0-1: DOUBLE (Line Drive, 9LM, EV 110.6 MPH)
|
Batting: LHB Jim Chalk
|
0-0: Ball 1-0: Swinging Strike 1-1: Called Strike 1-2: Strikes out swinging
|
Batting: RHB Diwan Abdul-Salam
|
0-0: Foul Ball, location: 2F 0-1: Ball 1-1: Ball 2-1: Ball 3-1: Base on Balls
|
Batting: SHB Johnny Diaz
|
0-0: Ball 1-0: Called Strike 1-1: Swinging Strike 1-2: Ball 2-2: Strikes out swinging
|
Top of the 8th over - 0 runs, 1 hit, 0 errors, 2 left on base; Hillsboro 9 - Brooklyn 0 |
BOTTOM OF THE 8TH |
Brooklyn Cyclones batting - Pitching for Hillsboro Hops : RHP Tadatoki Yoshida
|
Batting: RHB Rich Cracchiolo
|
0-0: Ball 1-0: Ball 2-0: Ground out 6-3 (Groundball, 56, EV 107.5 MPH)
|
Batting: RHB Mike Mathews
|
0-0: Ball 1-0: Ball 2-0: Called Strike 2-1: Fly out, F3 (Popup, 3SF, EV 87.5 MPH)
|
Batting: RHB Victor Reyes
|
0-0: Called Strike 0-1: Ball 1-1: Ground out U3 (Groundball, 34S, EV 95.0 MPH)
|
Bottom of the 8th over - 0 runs, 0 hits, 0 errors, 0 left on base; Hillsboro 9 - Brooklyn 0 |
TOP OF THE 9TH |
Hillsboro Hops batting - Pitching for Brooklyn Cyclones : RHP Ari Kuusinen
|
Batting: RHB Mike Swift
|
0-0: Foul Ball, location: 2F 0-1: Called Strike 0-2: Ball 1-2: Ball 2-2: Strikes out swinging
|
Batting: SHB Conor Davies
|
0-0: Ball 1-0: Fly out, F7 (Flyball, 78D, EV 93.1 MPH)
|
Batting: RHB Orlando Florez
|
0-0: SINGLE (Line Drive, 6M, EV 98.1 MPH)
|
Pinch Hitting: LHB Josh Kirk
|
0-0: Swinging Strike 0-1: Foul Ball, location: 2F 0-2: Ball 1-2: Foul Ball, location: 2F 1-2: Strikes out looking
|
Top of the 9th over - 0 runs, 1 hit, 0 errors, 1 left on base; Hillsboro 9 - Brooklyn 0 |
BOTTOM OF THE 9TH |
Brooklyn Cyclones batting - Pitching for Hillsboro Hops : RHP Tadatoki Yoshida
|
Now at SS: Josh Kirk
|
|
Batting: SHB Duri Chilemba
|
0-0: Foul Ball, location: 2F 0-1: Foul Ball, location: 2F 0-2: Ball 1-2: Ball 2-2: Strikes out looking
|
Batting: LHB Matt Baker
|
0-0: SINGLE (Line Drive, 4M, EV 94.4 MPH)
|
Batting: LHB Elmo Dreier
|
0-0: Ball 1-0: Called Strike 1-1: Swinging Strike 1-2: Ball 2-2: Strikes out looking
|
Batting: RHB Sang-ton Pak
|
0-0: Foul Ball, location: 2F 0-1: Foul Ball, location: 2F 0-2: Strikes out swinging
|
Bottom of the 9th over - 0 runs, 1 hit, 0 errors, 1 left on base; Hillsboro 9 - Brooklyn 0 |
|